 Dungeon Crawl Stone Soup version 0.30-a0-331-g8ab09dc110 (webtiles) character file.

Game seed: 4956424360480688155

2508 p00ps00p the Cleaver (level 9, -3/79 (82) HPs)
             Began as a Hill Orc Fighter on Oct 30, 2022.
             Slain by a wight
             ... wielding a +5 halberd
              (5 damage)
             ... on level 6 of the Dungeon.
             The game lasted 00:12:05 (6146 turns).

p00ps00p the Cleaver (Hill Orc Fighter)             Turns: 6146, Time: 00:12:06

HP:   -3/79 (82)    AC: 10    Str: 19    XL:     9   Next: 53%
MP:   9/9           EV: 13    Int:  8    God:
Gold: 160           SH:  6    Dex: 14    Spells: 8/8 levels left

rFire   . . .      SeeInvis .    a - +3 war axe
rCold   . . .      Faith    .    c - +0 buckler
rNeg    . . .      Spirit   .    b - +0 scale mail
rPois   .          Reflect  .    (no helmet)
rElec   .          Harm     .    n - +0 cloak
rCorr   .          Rampage  .    (no gloves)
Will    .....                    k - +0 pair of boots
Stlth   ..........               (no amulet)
HPRegen 0.33/turn                e - +4 ring of evasion
MPRegen 0.11/turn                (no ring)

@: about to teleport, lightly drained
A: no striking features
a: no special abilities


You were on level 6 of the Dungeon.
You visited 1 branch of the dungeon, and saw 6 of its levels.

You collected 160 gold pieces.

Inventory:

Hand Weapons
 a - a +3 war axe (weapon)
 q - a +1 whip of flaming
Missiles
 d - a throwing net (quivered)
 x - 2 poisoned darts
Armour
 b - a +0 scale mail (worn)
 c - a +0 buckler (worn)
 k - a +0 pair of boots (worn)
 n - a +0 cloak (worn)
Jewellery
 e - a +4 ring of evasion (left hand)
 t - a ring of positive energy
Wands
 i - a wand of iceblast (10)
 v - a wand of paralysis (10)
 y - a wand of acid (2)
 z - a wand of flame (20)
Scrolls
 g - 5 scrolls of identify
 j - a scroll of poison
 p - 3 scrolls of fear
 s - a scroll of summoning
 u - a scroll of torment {unknown}
 w - a scroll of blinking {unknown}
Potions
 f - a potion of curing
 h - a potion of attraction
 l - a potion of cancellation {unknown}
 m - a potion of haste {unknown}
 r - 2 potions of degeneration {unknown}


   Skills:
 + Level 8.3 Fighting
 + Level 8.8 Axes
 + Level 7.6 Armour
 + Level 7.6 Shields


You had 8 spell levels left.
You didn't know any spells.
Your spell library contained the following spells:

 Spells                   Type           Power      Damage    Failure   Level
 Beastly Appendage        Tmut           0%         N/A       82%         1
 Cigotuvi's Dreadful Rot  Necr/Pois/Air  0%         N/A       91%         2
 Poisonous Vapours        Pois/Air       0%         N/A       91%         2
 Sublimation of Blood     Necr           0%         N/A       91%         2
 Dazzling Flash           Conj/Hex       0%         N/A       99%         3
 Gell's Gravitas          Tloc           0%         N/A       99%         3
 Lesser Beckoning         Tloc           0%         N/A       99%         3
 Mephitic Cloud           Conj/Pois/Air  0%         N/A       99%         3
 Teleport Other           Tloc           0%         N/A       99%         3
 Iskenderun's Mystic Bla  Conj/Tloc      0%         2d3       100%        4
 Petrify                  Tmut/Erth      0%         N/A       100%        4
 Irradiate                Conj/Tmut      0%         3d11      100%        5
 Starburst                Conj/Fire      0%         6d3       100%        6


Dungeon Overview and Level Annotations

Branches:
Dungeon (6/15)
 Temple: D:4-7

Altars:
Ashenzari
Dithmenos
Elyvilon
Kikubaaqudgha
Okawaru
Sif Muna
Vehumet

Annotations:
D:6 silentkaos13's ghost, novice DsGl


Message History

The orc priest looks frightened!
The wight hits you from afar with a +5 halberd!
You feel drained. You block the wight's attack.
Read: 2 scrolls of poison
Press: ? - help, Q - select action, (/) - cycle Dir - look around, f - activate The air fills with toxic fumes!
As you read the scroll of poison, it crumbles to dust.
The wight hits you from afar with a +5 halberd!
* * * LOW HITPOINT WARNING * * *
The wight closely misses you.
You slash the wight!
The wight is heavily damaged.
The scorpion is engulfed in poison gas.
The scorpion is poisoned.
The wight hits you from afar with a +5 halberd!
* * * LOW HITPOINT WARNING * * *
The orc priest is engulfed in poison gas.
The orc priest is poisoned.
The orc is engulfed in poison gas.
The orc is poisoned.
The wight hits you but does no damage.
You barely miss the wight.
The wight is heavily damaged.
You kill the orc!
The scorpion is engulfed in poison gas.
The scorpion looks even sicker.
You block the wight's attack.
The orc priest is engulfed in poison gas.
The orc priest looks even sicker.
The wight hits you with a +3 battleaxe.
* * * LOW HITPOINT WARNING * * *
You feel drained.
* * * LOW HITPOINT WARNING * * *
The scorpion is engulfed in poison gas.
The scorpion looks even sicker.
As you read the scroll of teleportation, it crumbles to dust.
You feel strangely unstable.
You kill the scorpion!
You block the wight's attack.
The orc priest is engulfed in poison gas.
The orc priest looks even sicker.
You block the wight's attack.
You feel better.
The wight hits you from afar with a +5 halberd!
* * * LOW HITPOINT WARNING * * *
You feel drained.
You die...

#§§☼§§§§§§☼# ########
#§§§☼§§{§§§####
#.......
#§§§§§§§§§§§§o
...######
#§☼§§§§§§§§§§
.........
#§§§§§§$§§§#
#######.#
#§§§§<§.§.§#
######....#
#§§§§z§§§§§#
#......####
#§§§§§z@§§§###)######
########§####..# #§#
#))##########
#§###.#)<........
###§#...##..#######
#..§§...###........
#...§§....##########
#....§§.....#
#.....<.....#


You could see 2 wights and an orc priest (fleeing, very poisoned).

Vanquished Creatures
  Pikel (D:3)
  A water moccasin (D:5)
  A black bear (D:6)
  2 ice beasts (D:6)
  An ogre (D:4)
  2 lemures (D:3)
  2 phantoms (D:5)
  A kobold brigand (D:6)
  A necrophage (D:3)
  5 scorpions
  An elf skeleton (D:5)
  2 wights (D:6)
  A howler monkey (D:5)
  2 gnoll boudas
  6 orc priests
  2 hounds (D:5)
  4 orc wizards
  2 iguanas
  15 gnolls
  9 adders
  A shadow imp (D:5)
  A white imp (D:5)
  2 ufetubi
  2 worms (D:2)
  4 dart slugs
  27 orcs
  7 ball pythons
  8 endoplasms
  4 giant cockroaches
  7 goblins
  5 hobgoblins
  11 kobolds
  2 quokkas (D:1)
  3 bats
  A frilled lizard (D:2)
  2 orc skeletons (D:5)
  3 orc zombies (D:5)
  4 rats
155 creatures vanquished.

Vanquished Creatures (others)
  3 plants (D:4)
3 creatures vanquished.

Grand Total: 158 creatures vanquished

Notes
Turn   | Place    | Note
-------+----------+-------------------------------------------
     0 | D:1      | p00ps00p the Hill Orc Fighter began the quest for the Orb.
     0 | D:1      | Reached XP level 1. HP: 19/19 MP: 1/1
   179 | D:1      | Reached XP level 2. HP: 25/27 MP: 2/2
   368 | D:1      | Found a faded altar of an unknown god.
   902 | D:1      | Reached XP level 3. HP: 33/33 MP: 3/3
  1267 | D:2      | Reached XP level 4. HP: 38/40 MP: 4/4
  2005 | D:3      | Reached XP level 5. HP: 6/47 MP: 5/5
  2599 | D:3      | Found a shadowy altar of Dithmenos.
  2600 | D:3      | Found an iron altar of Okawaru.
  2873 | D:4      | Noticed a lemure
  3107 | D:4      | Noticed a lemure
  3111 | D:3      | Killed a lemure
  3112 | D:3      | Reached skill level 5 in Fighting
  3112 | D:3      | Reached XP level 6. HP: 49/56 MP: 6/6
  3163 | D:4      | Noticed Pikel
  3206 | D:3      | Reached skill level 5 in Axes
  3209 | D:3      | Killed Pikel
  3210 | D:3      | Reached skill level 5 in Armour
  3210 | D:3      | Reached skill level 5 in Shields
  3210 | D:3      | Reached XP level 7. HP: 27/63 MP: 7/7
  3443 | D:4      | Reached XP level 8. HP: 50/68 MP: 8/8
  4178 | D:4      | Found a white marble altar of Elyvilon.
  4268 | D:5      | Entered Level 5 of the Dungeon
  4368 | D:5      | Found a radiant altar of Vehumet.
  4372 | D:5      | Found an ancient bone altar of Kikubaaqudgha.
  4373 | D:5      | Found a shimmering blue altar of Sif Muna.
  4403 | D:5      | Got Sif Muna's Vellum of Shaping
  4695 | D:5      | Found a broken altar of Ashenzari.
  4801 | D:5      | Reached XP level 9. HP: 66/79 MP: 9/9
  5711 | D:6      | Noticed silentkaos13's ghost (novice DsGl)
  6146 | D:6      | HP: 2/81 [wight/+5 halberd (16)]
  6146 | D:6      | Slain by a wight

Illustrated notes

Levels and vault maps discovered:
D:1:      minmay_arrival_radiant_lines, layout_loops_cross,
          ebering_ecumenical_altar_webs, chequers_serial_rivers_marsh
D:2:      layout_loops_ring
D:3:      layout_basic, mainiacjoe_overflow_divided_tiny
D:4:      layout_loops_cross, nicolae_elyvilon_temple_path, uniq_pikel
D:5:      layout_loops_ring, grunt_temple_overflow_magic_moments,
          ashenzari_conservatory_becter, nicolae_ossuary_entry_catacombs,
          kennysheep_opposing_triangles
D:6:      layout_rooms, minmay_temple_entry_offerings, gammafunk_ghost_arena,
          kennysheep_generic_room_3

Skill      XL: |  1  2  3  4  5  6  7  8  9 |
---------------+----------------------------+-----
Axes           | 3 4 6 7 8 |  8.8
Fighting       | 4 5 6 7 8 |  8.3
Armour         | 4 5 6 7 |  7.6
Shields        | 4 5 6 7 |  7.6

Action                   |  1- 3 |  4- 6 |  7- 9 || total
-------------------------+-------+-------+-------++-------
Melee: War axe           |    92 |   110 |   209 ||   411
  Use: Scroll            |     3 |     7 |     5 ||    15
       Potion            |       |     2 |     1 ||     3
Armor: Scale mail        |    29 |    49 |    70 ||   148
Dodge: Dodged            |    58 |    90 |   151 ||   299
Block: Buckler           |    25 |    39 |    72 ||   136

Table legend: (Time is in decaauts)
 A = Elapsed time spent in this place.
 B = Non-inter-level travel time spent in this place.
 C = Inter-level travel time spent in this place.
 D = Time resting spent in this place.
 E = Time spent auto-exploring this place.
 F = Levels seen in this place.
 G = Mean time per level.
                   A        B        C        D        E       F      G
               +--------+--------+--------+--------+--------+-----+--------+
         Total |   6256 |   6160 |     96 |   1212 |   3543 |   6 | 1042.7 |
       Dungeon |   6256 |   6160 |     96 |   1212 |   3543 |   6 | 1042.7 |
               +--------+--------+--------+--------+--------+-----+--------+

Top non-repeatable levels by time:
     D:3: 1467 daAuts
     D:5: 1345 daAuts
     D:1: 1078 daAuts
     D:4: 978 daAuts
     D:2: 837 daAuts
     D:6: 550 daAuts
